 Dungeon Crawl Stone Soup version 0.31.0-12-g77e489cdc1 (webtiles) character file.

Game seed: 11216576950939800132

3028 CrypticCrinoid the Cleaver (level 9, -1/78 HPs)
             Began as a Minotaur Berserker on Feb 23, 2024.
             Was an Elder of Trog.
             Slain by a scorpion (3 damage)
             ... summoned by Amaemon
             ... on level 8 of the Dungeon on Feb 24, 2024.
             The game lasted 00:20:41 (5073 turns).

CrypticCrinoid the Cleaver (Minotaur Berserker)     Turns: 5073, Time: 00:20:42

Health: -1/78      AC: 14    Str: 25    XL:     9   Next: 56%
Magic:  8/8        EV:  6    Int:  4    God:    Trog [****..]
Gold:   299        SH: 21    Dex: 17    Spells: 8/8 levels left

rFire   . . .        v - +0 war axe
rCold   . . .        z - +0 tower shield
rNeg    . . .        l - +0 plate armour
rPois   .            (helmet restricted)
rElec   .            (no cloak)
rCorr   .            o - +0 pair of gloves
SInv    .            (no boots)
Will    .....        g - amulet of reflection Stlth
                     q - +6 ring of dexterity
HPRegen 0.33/turn    (no ring)
MPRegen 0.11/turn

%: reflection
@: lethally poisoned (-1 -> -36), weakened, on berserk cooldown, slowed, very
slow
A: horns 2, retaliatory headbutt
a: Renounce Religion, Berserk, Trog's Hand, Brothers in Arms


You were on level 8 of the Dungeon.
You worshipped Trog.
Trog was greatly pleased with you.
You visited 1 branch of the dungeon, and saw 8 of its levels.

You collected 299 gold pieces.

Inventory:

Hand Weapons
 a - a +0 hand axe
 v - a +0 war axe (weapon)
 F - a +4 battleaxe
Armour
 l - a +0 plate armour (worn)
 o - a +0 pair of gloves (worn)
 z - a +0 tower shield (worn)
 G - +0 fire dragon scales
Jewellery
 g - an amulet of reflection (around neck)
 q - a +6 ring of dexterity (left hand)
 D - a +6 ring of intelligence
Wands
 k - a wand of paralysis (3)
 m - a wand of polymorph (10)
 u - a wand of digging (4)
Scrolls
 c - 2 scrolls of butterflies {unknown}
 d - a scroll of revelation {unknown}
 h - 5 scrolls of vulnerability
 i - a scroll of poison {unknown}
 j - 2 scrolls of enchant armour {unknown}
 r - 2 scrolls of identify
 t - 2 scrolls of immolation {unknown}
 w - a scroll of teleportation {unknown}
 x - a scroll of fear {unknown}
 y - a scroll of fog {unknown}
 C - a scroll of acquirement {unknown}
 E - a scroll of enchant weapon
Potions
 b - a potion of curing
 e - 3 potions of degeneration
 n - 3 potions of attraction
 p - 2 potions of cancellation {unknown}
 s - a potion of magic {unknown}
 A - 3 potions of brilliance
 B - a potion of enlightenment {unknown}


   Skills:
 * Level 6.8 Fighting
 * Level 11.0 Axes
 * Level 7.2 Armour
 - Level 2.8 Dodging
 - Level 0.2 Stealth
 * Level 7.9 Shields


You had 8 spell levels left.
You didn't know any spells.
Your spell library was empty.

Dungeon Overview and Level Annotations

Branches:
Dungeon (8/15)             Temple (0/1) D:5
   Lair: D:8-11

Altars:
Dithmenos
Kikubaaqudgha
Zin

Shops:
D:7 (

Annotations:
D:8 Amaemon


Innate Abilities, Weirdness & Mutations

You have a pair of horns on your head.
You reflexively headbutt those who attack you in melee.


Message History

You are no longer berserk.
You are exhausted.
You feel yourself slow down.
You feel sick. You block the scorpion's attack.
The scorpion stings you but does no damage.
The adder bites you but does no damage. You block the orange demon's attack. x2
You block Amaemon's attack. Amaemon claws you.
* * * LOW HITPOINT WARNING * * *
Amaemon tail-slaps you but does no damage.
You slash Amaemon!
Amaemon is almost dead.
You hit the scorpion. You hit the adder. You closely miss the scorpion.
You hit the orange demon but do no damage.
You feel sick. You block the scorpion's attack.
The scorpion stings you but does no damage.
You block the adder's attack. You block the scorpion's attack.
The adder bites you.
* * * LOW HITPOINT WARNING * * *
You block the scorpion's attack. The orange demon closely misses you.
The orange demon hits you.
* * * LOW HITPOINT WARNING * * *
You feel your attacks grow feeble.
Amaemon hits you with a +1 demon whip of venom!
* * * LOW HITPOINT WARNING * * *
You are lethally poisoned!
Amaemon claws you but does no damage.
Amaemon tail-slaps you but does no damage.
Okay, then.
It was a potion of curing.
You feel better. The scorpion stings you.
* * * LOW HITPOINT WARNING * * *
You block the adder's attack. You block the scorpion's attack.
The orange demon stings you.
* * * LOW HITPOINT WARNING * * *
You are lethally poisoned!
The orange demon poisons you! You block the orange demon's attack.
Amaemon hits you but does no damage.
You are more poisoned.
You block Amaemon's attack.
Amaemon tail-slaps you but does no damage.
The adder barely misses you. The scorpion stings you.
You die...

.. #.# .. ..#...
#. ##..#.# #.#.#
......
#.#.####...####
#.#....S4......
#......@6#######
#.....§ss.......
##.......#######
#.......####
#..†.≈≈≈≈≈...
#..♣♣♣♣♣..≈..
#..♣ ...≈.. #..♣
## ......
#####..♣ ~
......


You could see Amaemon, an orange demon, 2 scorpions and an adder.

Vanquished Creatures
  2 hornets (D:8)
  The ghost of TheBioAlchemist the Magician, an amateur GnHW of Sif Muna (D:3)
  4 water moccasins
  A sky beast (D:7)
  2 black bears (D:6)
  An ice beast (D:7)
  An ogre (D:5)
  A centaur (D:7)
  A kobold brigand (D:6)
  2 phantoms
  A bullfrog (D:6)
  A scorpion (D:5)
  4 wights (D:6)
  A howler monkey (D:4)
  4 bombardier beetles
  3 quasits (D:3)
  A jelly (D:6)
  A gnoll bouda (D:7)
  2 sleepcaps
  4 iguanas
  9 orc wizards
  5 gnolls (D:7)
  8 adders
  A shadow imp (D:7)
  A white imp (D:6)
  2 ufetubi (D:3)
  3 ribbon worms
  4 dart slugs
  17 orcs
  15 ball pythons
  8 bats
  7 endoplasms
  5 giant cockroaches
  7 hobgoblins
  6 jackals
  4 quokkas
  5 frilled lizards
  6 goblins
  9 kobolds
  6 rats
166 creatures vanquished.

Vanquished Creatures (others)
  A human (D:5)
1 creature vanquished.

Grand Total: 167 creatures vanquished

Notes
Turn   | Place    | Note
-------+----------+-------------------------------------------
     0 | D:1      | CrypticCrinoid the Minotaur Berserker began the quest for
                  | the Orb.
     0 | D:1      | Reached XP level 1. HP: 19/19 MP: 0/0
   132 | D:1      | Reached skill level 4 in Axes
   132 | D:1      | Reached XP level 2. HP: 27/27 MP: 1/1
   460 | D:1      | Reached XP level 3. HP: 33/33 MP: 2/2
   774 | D:2      | Reached ** piety under Trog
  1247 | D:2      | Reached XP level 4. HP: 40/40 MP: 3/3
  1252 | D:2      | Reached skill level 5 in Axes
  1700 | D:3      | Found a transporter.
  1706 | D:3      | Found a transporter.
  1727 | D:3      | Noticed TheBioAlchemist's ghost (amateur GnHW)
  1743 | D:3      | Reached skill level 1 in Shields
  1743 | D:3      | Reached XP level 5. HP: 41/47 MP: 4/4
  1754 | D:3      | Killed TheBioAlchemist's ghost
  1755 | D:3      | Reached skill level 6 in Axes
  1755 | D:3      | Reached XP level 6. HP: 27/55 MP: 5/5
  2195 | D:3      | Reached *** piety under Trog
  2667 | D:4      | Reached skill level 5 in Fighting
  2979 | D:5      | Entered Level 5 of the Dungeon
  2986 | D:5      | Reached skill level 5 in Armour
  2986 | D:5      | Reached XP level 7. HP: 52/61 MP: 6/6
  2995 | D:5      | Reached skill level 7 in Axes
  3162 | D:5      | Found a staircase to the Ecumenical Temple.
  3254 | D:5      | Found a glowing silver altar of Zin.
  3255 | D:5      | Found a shadowy altar of Dithmenos.
  3388 | D:5      | Found an ancient bone altar of Kikubaaqudgha.
  3394 | D:5      | Noticed a human
  3397 | D:5      | Killed a human
  3448 | D:5      | Reached skill level 8 in Axes
  3525 | D:6      | Reached XP level 8. HP: 69/69 MP: 7/7
  3748 | D:6      | Reached skill level 9 in Axes
  3941 | D:6      | Reached skill level 5 in Shields
  3950 | D:6      | Reached **** piety under Trog
  4278 | D:7      | Found Sienoc's Weapon Shop.
  4298 | D:7      | Reached XP level 9. HP: 75/75 MP: 8/8
  4443 | D:7      | Reached skill level 10 in Axes
  4953 | D:8      | Paralysed by a hornet for 3 turns
  5031 | D:8      | Reached skill level 11 in Axes
  5055 | D:8      | Noticed an orange demon
  5056 | D:8      | Noticed Amaemon
  5073 | D:8      | HP: 2/78 [orange demon[Amaemon] (4)]
  5073 | D:8      | Slain by a scorpion

Illustrated notes

Levels and vault maps discovered:
D:1:      giann_wishing_wells, layout_loops_cross
D:2:      layout_rooms, serial_co_window_serial, co_window_corner_a,
          co_window_corner_a, co_window_of_opportunity_a,
          co_window_of_opportunity_a, co_window_corner_a, co_window_paths_b,
          co_window_paths_c, co_window_broadway_c, co_window_corner_cb,
          co_window_of_opportunity_c, co_window_corner_b, co_window_broadway_a,
          co_window_paths_d, glass_columns_a, glass_columns_a, glass_columns_b,
          glass_columns_b
D:3:      layout_basic, gammafunk_ghost_stat_death
D:4:      layout_cave_pools
D:5:      layout_rooms, tgw_kikubaaqudgha, gammafunk_temple_overflow_pools,
          minmay_temple_entry_from_below_a
D:6:      layout_basic
D:7:      layout_loops_cross, serial_shops, nicolae_shop_crystal,
          serial_bayou_crossing
D:8:      layout_basic, introduction_to_nature_1, uniq_amaemon

Skill      XL: |  1  2  3  4  5  6  7  8  9 |
---------------+----------------------------+-----
Axes           | 4 5 6 8 9 11 | 11.0
Fighting       | 4 5 6 |  6.8
Armour         | 3 4 5 6 7 |  7.2
Shields        | 1 2 3 6 7 |  7.9
Dodging        | |  2.8
Stealth        | |  0.2

Action                     |  1- 3 |  4- 6 |  7- 9 || total
---------------------------+-------+-------+-------++-------
  Melee: Hand axe          |    89 |    94 |       ||   183
         Headbutt          |     8 |    17 |    38 ||    63
         Punch             |     1 |     1 |       ||     2
         War axe           |       |     6 |   190 ||   196
 Invoke: Berserk           |       |     1 |     4 ||     5
    Use: Scroll            |       |       |     5 ||     5
         Potion            |       |       |     1 ||     1
 Armour: Animal skin       |     5 |       |       ||     5
         Ring mail         |    39 |       |       ||    39
         Plate armour      |     5 |   120 |   129 ||   254
  Dodge: Dodged            |    43 |    54 |    37 ||   134
  Block: Other             |    12 |    28 |     3 ||    43
         Reflection        |     2 |     1 |     5 ||     8
         Tower shield      |       |       |   236 ||   236
